 Dungeon Crawl Stone Soup version 0.29.0-4-gdea44cf6ec (webtiles) character file.

Game seed: 5320336016681693675

44 qw the Chopper (level 3, -4/23 HPs)
             Began as a Gargoyle Fighter on Sept 3, 2022.
             Slain by a gnoll
             ... wielding a +0 spear
              (7 damage)
             ... on level 2 of the Dungeon.
             The game lasted 00:00:48 (1240 turns).

qw the Chopper (Gargoyle Fighter)                   Turns: 1240, Time: 00:00:48

Health: -4/23      AC: 10    Str: 21    XL:     3   Next: 62%
Magic:  3/3        EV:  9    Int:  8    God:
Gold:   48         SH:  4    Dex:  9    Spells: 2/2 levels left

rFire   . . .      SeeInvis +   Y - +0 war axe
rCold   . . .      Faith    .   c - +0 buckler
rNeg    + . .      Spirit   .   b - +0 scale mail
rPois   inf        Reflect  .   (no helmet)
rElec   +          Harm     .   (no cloak)
rCorr   .          Rampage  .   (no gloves)
Will    .....                   (no boots)
Stlth   ..........              (no amulet)
HPRegen 0.07/turn               h - ring of see invisible
MPRegen 0.08/turn               (no ring)

@: no status effects
A: sickness immunity, AC +3, negative energy resistance 1, electricity
resistance, torment resistance 1, petrification resistance
a: no special abilities


You were on level 2 of the Dungeon.
You visited 1 branch of the dungeon, and saw 2 of its levels.

You collected 48 gold pieces.


Innate Abilities, Weirdness & Mutations

You are immune to sickness and miasma.
Your stone body is resilient. (AC +3)
You are immune to poison.
You resist negative energy. (rN+)
You are resistant to electric shocks. (rElec)
You are resistant to unholy torment.
You are immune to petrification.


   Skills:
 - Level 3.2 Fighting
 + Level 3.5 Axes
 - Level 3.2 Armour
 - Level 3.2 Shields


You had 2 spell levels left.
You didn't know any spells.
Your spell library was empty.

Inventory:

Hand Weapons
 f - a +0 whip
 Y - a +0 war axe (weapon)
Armour
 b - a +0 scale mail (worn)
 c - a +0 buckler (worn)
 k - a +0 pair of gloves
Jewellery
 h - a ring of see invisible (left hand)
Scrolls
 a - a scroll of identify {unknown}
Potions
 d - a potion of might
 e - a potion of flight {unknown}
 g - a potion of curing {unknown}
 i - a potion of resistance {unknown}
 j - a potion of berserk rage {unknown}
 l - a potion of brilliance {unknown}

Dungeon Overview and Level Annotations

Branches:
Dungeon (2/15)

Altars:


Message History

The dart slug launches a dart at you.
The slug dart hits you but does no damage.
You slash the dart slug!
You kill the dart slug!
k - a +0 pair of gloves
l - a lumpy ruby potion An endoplasm comes into view.
The endoplasm quivers.
You barely miss the endoplasm. You block the endoplasm's attack.
You slash the endoplasm!
You kill the endoplasm!
Found a stone staircase leading up.
Found an escape hatch in the ceiling.
A gnoll comes into view. It is wielding a +0 spear.
The gnoll shouts!
A frilled lizard comes into view. 2 gnolls come into view.
The gnoll shouts!
You block the gnoll's attack.
You closely miss the gnoll. You miss the frilled lizard.
The gnoll hits you from afar with a +0 halberd!
The gnoll hits you but does no damage.
The frilled lizard bites you but does no damage.
You slash the gnoll!
The gnoll is severely wounded.
You closely miss the frilled lizard. You block the gnoll's attack.
The gnoll hits you with a +0 spear.
The gnoll hits you from afar with a +0 halberd.
The frilled lizard bites you.
You hit the gnoll but do no damage.
The gnoll is severely wounded.
You slash the frilled lizard!
You kill the frilled lizard!
The gnoll hits you from afar with a +0 spear.
You block the gnoll's attack.
The gnoll hits you from afar with a +0 halberd.
You block the gnoll's attack. The gnoll closely misses you.
The gnoll hits you from afar with a +0 spear!
You die...

########## #........#
#........# #........#
#........# #....g...#
#..g.g...# #..@%....#
#....$...# #...###.##
####.### # #....# #.## ..
####.#### #... ..#
#####....# ###..# ...
###.....#########..>.##.####
........# ................


You could see 3 gnolls.

Vanquished Creatures
  An adder (D:2)
  2 dart slugs
  2 bats (D:1)
  5 endoplasms
  A giant cockroach (D:2)
  A goblin (D:1)
  A hobgoblin (D:1)
  4 jackals (D:1)
  A quokka (D:1)
  6 ball pythons
  2 frilled lizards
  3 rats (D:1)
29 creatures vanquished.

Vanquished Creatures (others)
  4 toadstools (D:1)
4 creatures vanquished.

Grand Total: 33 creatures vanquished

Notes
Turn   | Place    | Note
-------+----------+-------------------------------------------
     0 | D:1      | qw the Gargoyle Fighter began the quest for the Orb.
     0 | D:1      | Reached XP level 1. HP: 14/14 MP: 1/1
     0 | D:1      | 0 ||| qw: Version: 0.1-a-102-g441f92d
     0 | D:1      | 0 ||| qw: Game counter: 5285
     0 | D:1      | 0 ||| qw: Always use a shield: true
     0 | D:1      | 0 ||| qw: God list: Okawaru
     0 | D:1      | 0 ||| qw: Allow faded altars: false
     0 | D:1      | 0 ||| qw: Do Orc after D:15 true
     0 | D:1      | 0 ||| qw: Do second Lair branch before Depths: true
     0 | D:1      | 0 ||| qw: Lair rune preference: random
     0 | D:1      | 0 ||| qw: Plans: Normal
     0 | D:1      | 0 ||| PLANNING D:1-11
   210 | D:1      | Found a faded altar of an unknown god.
   239 | D:1      | Reached XP level 2. HP: 17/19 MP: 2/2
   394 | D:1      | 394 ||| Stepping ~*~*~tactically~*~*~ (stealth).
   396 | D:1      | 396 ||| Stepping ~*~*~tactically~*~*~ (stealth).
   425 | D:1      | 425 ||| Stepping ~*~*~tactically~*~*~ (stealth).
   434 | D:1      | 434 ||| Stepping ~*~*~tactically~*~*~ (stealth).
   436 | D:1      | 436 ||| Stepping ~*~*~tactically~*~*~ (stealth).
   467 | D:1      | Reached skill level 3 in Axes
   585 | D:1      | Reached XP level 3. HP: 23/23 MP: 3/3
  1024 | D:1      | 1024 ||| UPGRADING to ring of see invisible.
  1025 | D:1      | 1025 ||| READING scroll labelled CAH HEOCEMU.
  1120 | D:2      | 1120 ||| Stepping ~*~*~tactically~*~*~ (stealth).
  1121 | D:2      | 1121 ||| Stepping ~*~*~tactically~*~*~ (stealth).
  1126 | D:2      | 1126 ||| Stepping ~*~*~tactically~*~*~ (stealth).
  1127 | D:2      | 1127 ||| Stepping ~*~*~tactically~*~*~ (stealth).
  1130 | D:2      | 1130 ||| Stepping ~*~*~tactically~*~*~ (stealth).
  1132 | D:2      | 1132 ||| Stepping ~*~*~tactically~*~*~ (stealth).
  1167 | D:2      | 1167 ||| Stepping ~*~*~tactically~*~*~ (stealth).
  1240 | D:2      | HP: 4/23 [gnoll/+0 spear (4)]
  1240 | D:2      | Slain by a gnoll

Levels and vault maps discovered:
D:1:      ldierk_water_garden, layout_loops_corners,
          hellmonk_ecumenical_altar_run_dry, minmay_misc_feat_cross
D:2:      layout_rooms

Skill      XL: |  1  2 |
---------------+-------+-----
Axes           | 2 3 |  3.5
Fighting       | |  3.2
Armour         | |  3.2
Shields        | |  3.2

Action                   || total
-------------------------++-------
Melee: War axe           ||    92
  Use: Scroll            ||     1
Armor: Scale mail        ||    46
Dodge: Dodged            ||    38
Block: Buckler           ||    24

Table legend:
 A = Non-vault XP
 B = Vault XP
 C = Vault XP percentage of total XP
 D = Non-vault monster count
 E = Vault monster count
 F = Vault count percentage of total count
                 A         B        C        D         E       F
            +---------+---------+-------+---------+---------+-------
      Total |      65 |       0 |   0.0 |      29 |       0 |   0.0
            +---------+---------+-------+---------+---------+-------
        D:1 |      39 |       0 |   0.0 |      22 |       0 |   0.0
        D:2 |      26 |       0 |   0.0 |       7 |       0 |   0.0
            +---------+---------+-------+---------+---------+-------
